AoeStats
← Cookiemonstah

Golden Pit

510079847Analyzed
1v1 RM · 2d ago on Sep 29, 2026· 42m 51s· 2 players
Game mode
Random Map
Map size
Tiny (2 player)
Population
200
Speed
Normal
Resources
Standard
Victory
Conquest
Starting age
Dark Age
Ending age
Imperial Age
RankedLock teamsTeams togetherTeam positionsShared explorationLock speedFull tech treeHidden civsTurbo modeCheats
Victory
Defeat
🇳🇱 Bulgarians · Netherlands
810
+15
🇬🇧 Franks · United Kingdom
780
-15
Fen_x
8:20 Loom
13:05 Feudal Age
17:09 Double-Bit Axe
21:20 Castle Age
19:42 Gold Mining
21:27 Fletching
22:12 Crossbowman
24:46 Husbandry
27:50 Bow Saw
34:30 Bodkin Arrow
34:41 Scale Barding Armor
34:47 Forging
Cookiemonstah
4:22 Loom
11:45 Feudal Age
12:49 Horse Collar
17:10 Forging
19:38 Castle Age
17:42 Scale Mail Armor
18:04 Double-Bit Axe
20:07 Gold Mining
21:21 Iron Casting
22:46 Town Watch
23:06 Heavy Plow
24:19 Elite Skirmisher
25:48 Fletching
26:15 Chain Mail Armor
27:13 Wheelbarrow
27:07 Gambesons
27:27 Stone Mining
28:43 Bodkin Arrow
28:49 Padded Archer Armor
28:49 Pikeman
31:21 Thumb Ring
37:02 Imperial Age
34:53 Bow Saw
38:05 Bracer
39:06 Blast Furnace
37:52 Halberdier
39:12 Bloodlines
43:09 Murder Holes
43:27 Masonry
43:23 Siege Engineers
Connection lost

Rejoining the realm…

Still unreachable

The connection could not be restored.

Session expired

The server has moved on; the page needs a fresh start.